 Dungeon Crawl Stone Soup version 0.28.0-43-g3370ac3207 (webtiles) character file.

Game seed: 4273669604334294591

30 Okkudo the Chopper (level 3, -1/29 HPs)
             Began as a Human Berserker on Mar 29, 2022.
             Was a Follower of Trog.
             Slain by an orc
             ... wielding a +0 flail
              (3 damage)
             ... on level 3 of the Dungeon.
             The game lasted 00:03:57 (441 turns).

Okkudo the Chopper (Human Berserker)                 Turns: 441, Time: 00:03:58

Health: -1/29      AC:  2    Str: 19    XL:     3   Next: 37%
Magic:  1/1        EV: 12    Int:  7    God:    Trog [*.....]
Gold:   21         SH:  0    Dex: 12    Spells: 2/2 levels left

rFire   . . .      SeeInvis .   e - +9 hand axe of Tortured Optimality {antimagic, rC+ rN+}
rCold   + . .      Faith    .   (no shield)
rNeg    + . .      Spirit   .   b - +0 animal skin
rPois   .          Reflect  .   (no helmet)
rElec   .          Harm     .   (no cloak)
rCorr   .          Rampage  .   (no gloves)
Will    .....                   (no boots)
Stlth   +.........              (no amulet)
HPRegen 0.09/turn               (no ring)
MPRegen 0.07/turn               (no ring)

@: no status effects
A: no striking features
a: Renounce Religion, Berserk


You were on level 3 of the Dungeon.
You worshipped Trog.
Trog was aware of your devotion.
You visited 1 branch of the dungeon, and saw 3 of its levels.

You collected 21 gold pieces.

Inventory:

Hand Weapons
 a - a +0 hand axe
 e - the +9 hand axe of Tortured Optimality (weapon) {antimagic, rC+ rN+}
   (You found it on level 3 of the Dungeon)

   It reduces the magical energy of the wielder, and disrupts the spells and
   magical abilities of those it strikes.
   Natural abilities and divine invocations are not affected.
   rC:        It protects you from cold.
   rN:        It protects you from negative energy.
Armour
 b - a +0 animal skin (worn)
Scrolls
 c - 2 scrolls of identify {unknown}
 d - a scroll of acquirement {unknown}


   Skills:
 + Level 3.4 Fighting
 + Level 3.4 Axes
 + Level 2.3 Armour
 + Level 2.3 Dodging


You had 2 spell levels left.
You didn't know any spells.
Your spell library was empty.

Dungeon Overview and Level Annotations

Branches:
Dungeon (3/15)

Altars:
Fedhas
Hepliaklqana


Message History

You feel stronger. x2
As you open the door, it creaks loudly!
There is an open door here.
Found an escape hatch in the floor.
Found a stone staircase leading down.
An endoplasm comes into view.
The endoplasm quivers.
Found a scroll labelled VOTYST FAFUNN.
The endoplasm jiggles.
An adder comes into view.
The endoplasm freezes you.
You are frozen.
You resist.
There is an escape hatch in the floor here.
The adder hisses angrily.
You slash the endoplasm!
You kill the endoplasm!
Trog accepts your kill.
You hear a shout! x2
An orc comes into view. It is wielding a +0 flail.
There are monsters nearby!
There are monsters nearby!
There are monsters nearby!
There are monsters nearby!
You hit the adder.
The adder is heavily wounded.
The adder bites you. x2
You are poisoned.
The adder poisons you!
You hit the adder.
You kill the adder!
Trog accepts your kill.
You feel sick.
You barely miss the orc.
You feel sick. The orc closely misses you.
You hit the orc but do no damage.
You feel sick. The orc hits you with a +0 flail.
* * * LOW HITPOINT WARNING * * *
You completely miss the orc.
You feel sick.
You are no longer poisoned.
The orc hits you with a +0 flail.
You die...

####### ...... ## .#.?##
#. ...... . #. #..#.###
... #.##..#....
....##.>........
......o@...#############
###........# #........
...>.......#####........
...............'........
.......#########........
....... .......'........
#.#'##. .#######........
..#. .. #............ .
# #.###........


You could see an orc.

Vanquished Creatures
  An adder (D:3)
  2 dart slugs
  An orc (D:2)
  4 bats
  2 endoplasms (D:3)
  4 jackals (D:2)
  A kobold (D:2)
  A rat (D:2)
16 creatures vanquished.

Notes
Turn   | Place    | Note
-------+----------+-------------------------------------------
     0 | D:1      | Okkudo the Human Berserker began the quest for the Orb.
     0 | D:1      | Reached XP level 1. HP: 18/18 MP: 1/1
   168 | D:3      | Reached XP level 2. HP: 12/24 MP: 2/2
   244 | D:2      | Found a blossoming altar of Fedhas.
   313 | D:3      | Found a hazy altar of Hepliaklqana.
   361 | D:3      | Identified the +9 hand axe of Tortured Optimality
                  | {antimagic, rC+ rN+}
   417 | D:3      | Reached XP level 3. HP: 15/29 MP: 1/3
   441 | D:3      | Slain by an orc

Illustrated notes

Levels and vault maps discovered:
D:1:      arrival_zaba_pyramid, layout_basic, chequers_ecumenical_altar_simple,
          hangedman_feature_mirror, minivault_4, minmay_statues_item
D:2:      layout_loops_ring, basic_altar, uniq_sigmund
D:3:      layout_basic, nzn_hepliaklqana_mist_gate, uniq_terence

Action                   || total
-------------------------++-------
Melee: Hand axe          ||    42
Armor: Animal skin       ||    20
Dodge: Dodged            ||    63
